 Dungeon Crawl Stone Soup version 0.28.0-53-g5a82cb258f (webtiles) character file.

Game seed: 14691100799576492142

4536 Peloso the Carver (level 10, 0/88 HPs)
             Began as a Minotaur Fighter on June 10, 2022.
             Slain by an orc warrior
             ... wielding a +0 war axe
              (4 damage)
             ... in a bailey.
             The game lasted 00:15:05 (6421 turns).

Peloso the Carver (Minotaur Fighter)                Turns: 6421, Time: 00:15:06

Health: 0/88       AC: 14    Str: 23    XL:     10   Next: 17%
Magic:  9/9        EV:  9    Int:  5    God:
Gold:   281        SH:  5    Dex: 12    Spells: 9/9 levels left

rFire   . . .      SeeInvis .   a - +3 long sword
rCold   + . .      Faith    .   c - +0 buckler
rNeg    + . .      Spirit   .   p - +2 chain mail {rC+}
rPois   .          Reflect  .   (helmet restricted)
rElec   .          Harm     .   (no cloak)
rCorr   .          Rampage  .   (no gloves)
Will    .....                   h - +0 pair of boots
Stlth   ..........              e - amulet of regeneration
HPRegen 1.04/turn               u - ring of positive energy
MPRegen 0.11/turn               (no ring)

@: mighty
A: horns 2, retaliatory headbutt
a: no special abilities


You were in a bailey.
You visited 2 branches of the dungeon, and saw 10 of its levels.
You also visited: Sewer and Bailey.

You collected 378 gold pieces.
You spent 97 gold pieces at shops.

Inventory:

Hand Weapons
 a - a +3 long sword (weapon)
 b - the +10 hand axe "Ywkej" {vorpal, Fly rCorr Dex-4 Stlth+}
   (You found it on level 7 of the Dungeon)

   It inflicts extra damage upon your enemies.
   Dex:       It affects your dexterity (-4).
   Fly:       It grants you flight.
   rCorr:     It protects you from acid and corrosion.
   Stlth:     It makes you more stealthy.
Armour
 c - a +0 buckler (worn)
 g - a +0 chain mail
 h - a +0 pair of boots (worn)
 p - a +2 chain mail of cold resistance (worn)
Jewellery
 e - an amulet of regeneration (around neck)
 u - a ring of positive energy (left hand)
Wands
 x - a wand of flame (22)
 y - a wand of acid (4)
Scrolls
 i - 5 scrolls of teleportation
 l - 3 scrolls of blinking
 n - a scroll of silence
 s - a scroll of magic mapping
 v - a scroll of fear
 w - a scroll of fog
Potions
 d - 2 potions of might
 j - a potion of haste
 k - a potion of mutation
 m - a potion of attraction {unknown}
 o - 3 potions of flight
 q - 2 potions of magic {unknown}
 r - 2 potions of berserk rage {unknown}
 t - a potion of heal wounds {unknown}


   Skills:
 + Level 8.1 Fighting
 + Level 12.0 Long Blades
 + Level 9.6 Armour
 + Level 2.9 Dodging
 + Level 1.6 Stealth
 + Level 6.5 Shields


You had 9 spell levels left.
You didn't know any spells.
Your spell library contained the following spells:

 Spells                   Type           Power      Damage    Failure   Level
 Animate Skeleton         Necr           0%         N/A       98%         1
 Apportation              Tloc           0%         N/A       98%         1
 Magic Dart               Conj           0%         1d3       98%         1
 Shock                    Conj/Air       0%         1d3       98%         1
 Summon Small Mammal      Summ           0%         N/A       98%         1
 Call Imp                 Summ           0%         N/A       99%         2
 Sublimation of Blood     Necr           0%         N/A       99%         2
 Mephitic Cloud           Conj/Pois/Air  0%         N/A       100%        3
 Stone Arrow              Conj/Erth      0%         3d7       100%        3
 Swiftness                Air            0%         N/A       100%        3
 Airstrike                Air            0%         N/A       100%        4
 Animate Armour           Summ/Erth      0%         N/A       100%        4
 Petrify                  Tmut/Erth      0%         N/A       100%        4
 Irradiate                Conj/Tmut      0%         3d13      100%        5
 Lehudib's Crystal Spear  Conj/Erth      0%         10d2      100%        8


Dungeon Overview and Level Annotations

Branches:
Dungeon (9/15)             Temple (1/1) D:5            Lair (0/6) D:8
  Sewer (visited)          Bailey (1/1)
    Orc: D:9-12

Altars:
Cheibriados
Dithmenos
Elyvilon
Fedhas
Gozag
Hepliaklqana
Kikubaaqudgha
Makhleb
Nemelex Xobeh
Ru
Trog
Uskayaw
Vehumet
Wu Jian
Xom
Yredelemnul
Zin
The Shining One

Shops:
D:8 ?


Innate Abilities, Weirdness & Mutations

You have a pair of horns on your head.
You reflexively headbutt those who attack you in melee.


Message History

You slash the gnoll!
You kill the gnoll!
There is an open door, spattered with blood here.
Items here: ))) [[[ †.
You closely miss the orc warrior. You block the hobgoblin's attack.
The orc warlord hits you with a +3 great sword of holy wrath!
The orc warrior hits you but does no damage.
You slash the orc warlord! You headbutt the orc warlord.
The orc warlord is moderately wounded.
The hobgoblin barely misses you. You furiously retaliate!
You headbutt the hobgoblin.
The orc warlord hits you with a +3 great sword of holy wrath.
The orc warrior barely misses you.
You barely miss the orc warlord. Your headbutt misses the orc warlord.
The orc warlord is lightly wounded.
The hobgoblin hits you but does no damage.
The orc warlord closely misses you. The orc warrior closely misses you.
You slash the orc warlord! Your headbutt misses the orc warlord.
The orc warlord is moderately wounded.
The hobgoblin hits you with a +4 hand axe!
You block the orc warlord's attack.
You closely miss the orc warlord. You headbutt the orc warlord!
The orc warlord is heavily wounded.
The orc warrior hits you with a +0 war axe!
The hobgoblin hits you with a +4 hand axe.
You slash the orc warlord! You headbutt the orc warlord!
The orc warlord is severely wounded.
The orc warlord hits you with a +3 great sword of holy wrath!!
* * * LOW HITPOINT WARNING * * *
The orc warrior hits you with a +0 war axe!
* * * LOW HITPOINT WARNING * * *
You slash the orc warlord! You headbutt the orc warlord.
The orc warlord is almost dead.
The hobgoblin hits you with a +4 hand axe!
* * * LOW HITPOINT WARNING * * *
The orc warlord barely misses you. You furiously retaliate!
You headbutt the orc warlord!
The orc warrior hits you with a +0 war axe.
You die...

###.### ###.#
###.....### ###....
##.........###......
#...........#o......
#...........))).....
#.....⌠.....#.....⌠.
#...........#....g..
#.).o.......#.....o. ♣♣
###o@.......###.....o
♣.♣♣♣♣♣ ###.#)#g....###
###....
♣.....♣♣###.....###.###
###.#
♣......##.........###
###
.......#...).......# #8
.......'..)).......# #8
..∩.∩..'..)..⌠.....#


.og .......'...........# .o#8 .......#...........# .##8 You could see an orc
warlord, an orc warrior (strong) and a hobgoblin.

Vanquished Creatures
  A centaur zombie (D:7)
  Grinder (D:6)
  A hornet (D:9)
  Sigmund (D:6)
  A wraith (D:8)
  A steam dragon (D:8)
  Pargi (Sewer)
  2 black bears
  6 orc warriors (Bailey)
  A hornet zombie (D:8)
  2 sky beasts
  An ice beast (D:5)
  An ogre (D:5)
  2 necrophages
  A centaur (D:6)
  A kobold brigand (D:9)
  A phantom (D:7)
  3 bullfrogs
  A scorpion (D:5)
  A wyvern zombie (D:8)
  A water moccasin skeleton (D:5)
  6 killer bees (D:7)
  A howler monkey (D:7)
  7 wights
  A bullfrog skeleton (D:5)
  2 hounds (D:5)
  A gnoll shaman (D:4)
  A centaur skeleton (D:7)
  5 iguanas
  4 orc wizards
  A killer bee zombie (D:8)
  A howler monkey zombie (D:6)
  8 gnolls
  11 adders
  A shadow imp (D:7)
  2 ufetubi
  3 worms
  3 dart slugs
  30 orcs
  7 endoplasms
  6 giant cockroaches
  13 goblins
  19 hobgoblins
  12 jackals
  16 kobolds
  3 quokkas
  4 ball pythons
  4 bats
  4 frilled lizards
  3 rats
210 creatures vanquished.

Notes
Turn   | Place    | Note
-------+----------+-------------------------------------------
     0 | D:1      | Peloso the Minotaur Fighter began the quest for the Orb.
     0 | D:1      | Reached XP level 1. HP: 19/19 MP: 0/0
   203 | D:1      | Reached XP level 2. HP: 27/27 MP: 1/1
   234 | D:1      | Found a faded altar of an unknown god.
   776 | D:2      | Reached XP level 3. HP: 33/33 MP: 2/2
   812 | D:2      | Reached skill level 3 in Long Blades
   881 | D:2      | Reached XP level 4. HP: 38/40 MP: 3/3
  1515 | D:3      | Reached skill level 4 in Long Blades
  1515 | D:3      | Reached XP level 5. HP: 47/47 MP: 4/4
  1739 | D:3      | Noticed a black bear
  1744 | D:3      | Killed a black bear
  1745 | D:3      | Reached skill level 5 in Armour
  1745 | D:3      | Reached skill level 1 in Dodging
  2015 | D:4      | Found a blossoming altar of Fedhas.
  2057 | D:4      | Reached XP level 6. HP: 53/53 MP: 5/5
  2061 | D:4      | Reached skill level 5 in Long Blades
  2107 | D:4      | Found a shimmering altar of Xom.
  2343 | D:4      | Reached skill level 6 in Long Blades
  2358 | D:4      | Found a glowing drain.
  2373 | Sewer    | Entered a sewer
  2486 | Sewer    | Noticed Pargi
  2501 | Sewer    | Killed Pargi
  2618 | D:4      | Reached skill level 5 in Fighting
  3114 | D:5      | Entered Level 5 of the Dungeon
  3141 | D:5      | Reached XP level 7. HP: 61/61 MP: 6/6
  3286 | D:5      | Found a glowing golden altar of the Shining One.
  3554 | D:5      | Reached skill level 7 in Long Blades
  3583 | D:5      | Found a staircase to the Ecumenical Temple.
  3599 | D:5      | Reached skill level 5 in Shields
  3607 | Temple   | Entered the Ecumenical Temple
  4035 | D:6      | Found an ancient bone altar of Kikubaaqudgha.
  4074 | D:6      | Noticed Sigmund
  4088 | D:6      | Killed Sigmund
  4089 | D:6      | Reached skill level 8 in Long Blades
  4089 | D:6      | Reached XP level 8. HP: 46/70 MP: 7/7
  4164 | D:6      | Reached skill level 1 in Stealth
  4392 | D:6      | Noticed Grinder
  4393 | D:6      | Paralysed by Grinder for 2 turns
  4407 | D:6      | Killed Grinder
  4408 | D:6      | Reached skill level 9 in Long Blades
  4752 | D:7      | Identified the +10 hand axe "Ywkej" {vorpal, Fly rCorr
                  | Dex-4 Stlth+}
  4777 | D:7      | Found a snail-covered altar of Cheibriados.
  4840 | D:7      | Reached XP level 9. HP: 71/78 MP: 8/8
  4917 | D:7      | Reached skill level 10 in Long Blades
  4997 | D:7      | Found an ornate altar of the Wu Jian Council.
  5102 | D:7      | Found a basalt altar of Yredelemnul.
  5208 | D:7      | Found a hide-covered altar of Uskayaw.
  5376 | D:8      | Found a staircase to the Lair.
  5388 | D:8      | Found Gasikoko's Magic Scroll Emporium.
  5446 | D:8      | Bought a scroll of fog for 26 gold pieces
  5446 | D:8      | Bought a scroll of magic mapping for 45 gold pieces
  5446 | D:8      | Bought a scroll of identify for 26 gold pieces
  5463 | D:8      | Found an opulent altar of Gozag.
  5525 | D:8      | Reached skill level 11 in Long Blades
  5890 | D:8      | You fall into a shaft and drop 1 floor!
  5967 | D:9      | Found a flagged portal.
  5985 | D:9      | HP: 4/80 [orc/+0 hand axe (4)]
  5986 | D:9      | Reached XP level 10. HP: 5/88 MP: 9/9
  6089 | Bailey   | Entered a bailey
  6361 | Bailey   | Reached skill level 12 in Long Blades
  6374 | Bailey   | Noticed an orc warlord
  6421 | Bailey   | HP: 4/88 [hobgoblin/+4 hand axe (8)]
  6421 | Bailey   | Slain by an orc warrior

Illustrated notes

Levels and vault maps discovered:
D:1:      mainiacjoe_arrival_reflecting_pool, layout_basic,
          shapermc_ecumenical_altar_mp_urbaneastern
D:2:      wander_river, layout_rooms
D:3:      layout_basic
D:4:      layout_loops_cross, mainiacjoe_overflow_cross_hatched, fedhas_altar_3,
          gup_sewer_entry_bubbles, kennysheep_nub,
          minmay_misc_feat_secret_circle, hex_tiny, chequers_serial_rivers_marsh
D:5:      layout_gridville, tso_oasis_becter, minmay_temple_entry_crystal_x
D:6:      layout_loops_cross, general_overflow_altar, uniq_sigmund, uniq_grinder
D:7:      layout_basic, slow_altar_2, lemuel_round_altar,
          pdpol_wu_jian_five_deadly_venoms, mainiacjoe_overflow_boulevard
D:8:      layout_gridville, kennysheep_okawaru_gauntlet,
          nicolae_overflow_hidden_temple, lair_entry_dummy, serial_shops, shop,
          chequers_serial_rivers_marsh, kennysheep_generic_room_10
D:9:      layout_stronghold, nicolae_sif_muna_condensation, kennysheep_mini,
          ashenzari_conservatory_becter, enter_bailey_4, lemuel_old_faithful,
          uniq_erica
Temple:   nicolae_temple_figure_zero
Bailey:   bailey_axe_minmay_hex_keep, bailey

Skill      XL: |  1  2  3  4  5  6  7  8  9 10 |
---------------+-------------------------------+-----
Fighting       | 4 5 6 7 8 |  8.1
Armour         | 4 5 6 7 9 |  9.6
Long Blades    | 3 4 6 8 9 11 12 | 12.0
Shields        | 4 5 6 |  6.5
Dodging        | 1 2 |  2.9
Stealth        | 1 |  1.6

Action                   |  1- 3 |  4- 6 |  7- 9 | 10-12 || total
-------------------------+-------+-------+-------+-------++-------
Melee: Long sword        |    42 |   202 |   340 |    85 ||   669
       Headbutt          |     6 |    28 |    67 |    26 ||   127
  Use: Potion            |     2 |     3 |     1 |     2 ||     8
       Scroll            |     1 |     2 |     4 |       ||     7
Armor: Scale mail        |    15 |    23 |       |       ||    38
       Chain mail        |       |   107 |   205 |    16 ||   328
Dodge: Dodged            |    27 |    79 |   136 |    27 ||   269
Block: Buckler           |    15 |    41 |    78 |    14 ||   148
